Map: Shrines of Lizul

Players

Prototype

  • Race: Terran Terran
  • League: Diamond
  • Spawn Location: 12:00

Popeye

  • Race: Terran Terran
  • Spawn Location: 3:00

ILIEKEGGPIE - Winner!

  • Race: Protoss Protoss
  • League: Platinum
  • Spawn Location: 9:00

bozo - Winner!

  • Race: Zerg Zerg
  • Spawn Location: 6:00

VOD

Have the link to the VOD?

Description

Time

  • Played on: June 5, 2018, 6:10 p.m.
  • Length: 17:51
Show
View Real Time Build Order
Export as new Build Order

Prototype Terran 

Build Orders:  

Get SALT Encoding   

  12  0:00  SCV  
  13  0:19  SCV  
  14  0:27  Supply Depot  
  14  0:31  SCV  
  15  0:49  SCV  
  16  0:51  Barracks  
  16  0:57  Refinery  
  16  1:01  SCV  
  17  1:09  Supply Depot  
  17  1:13  SCV  
  18  1:19  Refinery  
  18  1:25  SCV  
  19  1:37  SCV  
  20  1:50  SCV  
  21  1:55  Marine, Factory  
  22  2:02  SCV  
  23  2:13  Marine  
  24  2:16  Bunker  
  24  2:25  Orbital Command  
  24  2:34  Marine  
  25  2:42  Engineering Bay  
  25  2:52  Supply Depot  
  25  2:54  Factory Reactor  
  25  2:57  Starport  
  24  3:13  SCV  
  24  3:16  Missile Turret  
  25  3:25  Missile Turret  
  25  3:27  Marine  
  25  3:33  Widow Mine  
  25  3:34  Widow Mine  
  30  3:35  Starport Reactor  
  30  3:55  Widow Mine x2  
  34  4:12  Liberator, Command Center  
  34  4:17  Medivac  
  39  4:40  Supply Depot  
  39  5:00  Supply Depot  
  39  5:02  Widow Mine x2  
  43  5:09  Marine  
  44  5:23  Viking x2  
  44  5:27  Marine  
  44  6:35  Factory Tech Lab, Factory  
  44  6:36  Planetary Fortress  
  44  6:55  Missile Turret  
  44  6:58  Siege Tank  
  47  7:15  SCV, Missile Turret  
  48  7:27  SCV  
  49  7:34  Factory Tech Lab  
  49  7:39  SCV  
  50  7:50  Missile Turret  
  50  7:53  Missile Turret  
  50  7:55  Missile Turret  
  50  7:57  Missile Turret  
  50  8:07  Siege Tank x2  
  56  8:13  Command Center  
  56  8:25  SCV  
  57  8:29  Refinery  
  57  8:30  Refinery  
  57  8:37  SCV  
  57  8:38  Viking x2  
  62  8:49  SCV  
  62  8:54  Bunker  
  63  9:01  SCV  
  64  9:04  Siege Tank  
  67  9:20  Viking  
  69  9:25  Viking  
  71  9:31  Supply Depot  
  71  9:32  Supply Depot  
  71  9:33  Supply Depot  
  71  9:36  Orbital Command, Siege Tank  
  71  9:38  SCV x2  
  76  9:50  SCV x2, Viking  
  80  9:54  Viking  
  82  10:08  Armory, Siege Tank  
  82  10:10  Armory  
  82  10:11  SCV x2  
  87  10:15  Refinery  
  87  10:16  Refinery  
  87  10:20  Viking  
  89  10:22  Missile Turret  
  89  10:26  Viking  
  91  10:30  Hi-Sec Auto Tracking  
  91  10:36  SCV  
  92  10:44  Missile Turret  
  92  10:48  SCV  
  93  11:00  SCV  
  94  11:05  Missile Turret  
  94  11:09  Siege Tank  
  97  11:12  SCV  
  98  11:23  Viking  
  100  11:25  Terran Vehicle Weapons Level 1  
  100  11:26  Terran Ship Weapons Level 1  
  100  11:27  Viking  
  100  11:29  Siege Tank  
  105  11:41  Siege Tank  
  108  12:01  Siege Tank  
  108  12:06  SCV x2  
  113  12:13  Siege Tank  
  116  12:33  Viking  
  116  12:35  Viking  
  114  12:45  Siege Tank  
  117  13:03  Viking  
  59  13:23  Siege Tank x2  
  61  13:32  Marine  
  62  13:50  Marine  
  62  13:55  Siege Tank x2  
  69  14:07  Marine  
  69  14:09  Viking  
  72  14:10  Viking  
  70  14:25  Marine  
  70  14:27  Siege Tank x2  
  62  14:39  Viking  
  62  14:43  Marine, Terran Vehicle Weapons Level 2  
  62  14:44  Terran Vehicle And Ship Armor Level 1  
  64  14:59  Siege Tank x2  
  68  15:01  Marine  
  48  15:19  Marine  
  49  15:29  Viking x2  
  52  15:36  Marine  
  52  15:42  Siege Tank x2  
  59  15:54  Marine  
  60  15:59  Viking x2  
  64  16:14  Siege Tank  
  65  16:49  Barracks Tech Lab  
  65  16:50  Barracks  
  65  16:52  Barracks  
  65  17:23  Orbital Command  
Show
View Real Time Build Order
Export as new Build Order

Popeye Terran 

Build Orders:  

Get SALT Encoding   

  12  0:03  SCV  
  13  0:15  SCV  
  14  0:26  Supply Depot  
  14  0:27  SCV  
  15  0:36  Supply Depot  
  15  0:48  SCV  
  16  0:50  Barracks  
  16  1:03  Barracks  
  16  1:06  SCV  
  17  1:14  Refinery  
  17  1:19  Refinery  
  17  1:22  SCV  
  18  1:34  SCV  
  18  1:37  Marine  
  20  1:46  Engineering Bay  
  20  1:52  Orbital Command  
  20  1:55  Marine  
  20  1:59  Marine  
  22  2:17  Marine  
  22  2:18  Marine  
  22  2:20  SCV  
  25  2:27  Factory  
  25  2:36  Barracks Tech Lab  
  25  2:37  Barracks Reactor  
  25  2:46  Barracks, SCV  
  26  3:02  Marine  
  26  3:04  Stimpack  
  27  3:14  Factory Tech Lab  
  27  3:20  SCV  
  27  3:21  Starport, Marine x3  
  31  3:36  Barracks Reactor  
  31  3:42  Supply Depot  
  31  3:43  Supply Depot  
  31  4:01  Starport Reactor  
  31  4:03  Marine x3, SCV, Siege Tank  
  38  4:14  Marine  
  38  4:15  Marine  
  40  4:21  Marine  
  40  4:23  Supply Depot  
  41  4:45  Medivac x2  
  43  4:47  Marine x2  
  43  4:48  Marine x3  
  50  4:53  Supply Depot  
  50  5:02  Supply Depot  
  50  5:05  Marine  
  51  5:14  Marine  
  51  5:15  Medivac x2  
  56  5:31  Marine x4  
  56  5:32  Marine  
  61  5:49  Marine x2  
  54  6:38  Marine x5  
  54  6:53  Medivac x2  
  58  6:55  Siege Tank  
  61  7:15  Missile Turret  
  61  7:16  Command Center  
  61  7:27  Siege Tank  
  64  7:35  Medivac x2  
  64  7:36  Missile Turret  
  68  7:59  Siege Tank  
  71  8:15  Marine x5  
  76  8:23  Missile Turret  
  76  8:24  SCV  
  76  8:26  Missile Turret  
  77  8:31  Barracks, Siege Tank  
  63  9:30  Marine x3, Siege Tank  
  63  9:31  Marine x2  
  71  9:32  SCV  
  71  9:33  Orbital Command  
  72  9:38  Refinery  
  72  9:41  Refinery  
  65  10:00  Marine  
  65  10:01  Marine x4  
  65  10:02  Siege Tank  
  73  10:07  Terran Infantry Weapons Level 1  
  73  10:09  Barracks Reactor  
  73  10:16  SCV x2  
  73  10:18  Marine x2  
  77  10:28  SCV x2  
  79  10:34  Siege Tank  
  82  10:38  Marine x4  
  82  10:39  Marine  
  48  11:11  Marine x3  
  48  11:12  Marine x4  
  55  11:26  Siege Tank  
  58  11:33  Armory  
  58  11:36  SCV x2  
  58  11:37  Marine x5  
  58  11:38  Engineering Bay, Marine x2  
  67  11:40  Viking  
  69  11:48  SCV  
  69  11:49  SCV  
  71  11:55  Marine x2  
  71  11:58  Siege Tank  
  76  12:01  Terran Infantry Armor Level 1  
  76  12:07  Marine x2  
  76  12:08  Marine x3  
  81  12:16  Medivac x2  
  81  12:19  Marine x2  
  87  12:30  Siege Tank  
  90  12:45  Medivac  
  92  13:03  Widow Mine  
  74  13:34  Marine x2  
  74  13:35  Marine  
  74  13:39  Marine  
  74  13:40  Marine  
  80  13:41  Siege Tank  
  58  13:52  Marine  
  31  14:09  Marine x4  
  26  14:10  Marine  
  26  14:13  Siege Tank  
  17  14:26  Marine  
  17  14:27  Marine x3  
  21  14:45  Siege Tank  
  21  14:52  SCV  
  19  15:15  Marine x5  
  24  15:32  Marine  
  25  15:54  Barracks  
  6  17:23  Marine x3  
Show
View Real Time Build Order
Export as new Build Order

ILIEKEGGPIE Protoss - Winner!

Build Orders:  

Get SALT Encoding   

  12  0:01  Probe  
  13  0:14  Probe  
  14  0:18  Pylon  
  14  0:24  Probe  
  15  0:32  Probe  
  15  0:40  Probe  
  15  0:41  Gateway  
  17  0:51  Assimilator  
  17  0:55  Probe  
  18  1:01  Pylon  
  18  1:07  Probe  
  18  1:08  Assimilator  
  19  1:23  Gateway  
  19  1:32  Probe, Cybernetics Core  
  20  1:44  Probe  
  21  1:56  Probe  
  22  2:10  Stalker x2, Warp Gate  
  26  2:25  Robotics Facility  
  26  2:27  Gateway  
  26  2:42  Stalker  
  26  2:46  Probe  
  26  2:48  Stalker  
  31  3:18  Pylon  
  31  3:32  Observer, Nexus  
  31  3:37  Forge  
  32  3:44  Probe  
  33  3:54  Observer, Pylon  
  33  3:56  Probe  
  35  4:05  Protoss Ground Weapons Level 1  
  35  4:07  Robotics Bay  
  35  4:09  Probe  
  35  4:33  Twilight Council  
  35  4:36  Pylon  
  35  4:37  Probe  
  36  4:44  Probe  
  36  4:50  Probe  
  36  4:52  Probe  
  39  5:02  Probe x2  
  41  5:08  Sentry x2  
  41  5:11  Probe x2  
  46  5:19  Probe x2  
  47  5:28  Probe  
  49  5:35  Probe, Pylon  
  50  5:38  Assimilator  
  50  5:40  Probe  
  52  5:43  Assimilator  
  52  5:46  Observer, Nexus  
  52  5:50  Stalker x2  
  55  6:16  Stalker  
  47  6:30  Shield Battery  
  47  6:40  Stalker  
  49  6:54  Stalker x2  
  49  6:56  Probe  
  49  6:58  Probe  
  55  7:07  Sentry  
  57  7:08  Probe  
  58  7:18  Protoss Ground Armor Level 1, Probe  
  58  7:19  Probe  
  58  7:21  Probe  
  58  7:30  Probe  
  58  7:33  Charge, Probe x2  
  61  7:43  Probe  
  62  7:46  Assimilator  
  62  7:59  Probe  
  62  8:00  Probe x2  
  62  8:01  Colossus  
  71  8:11  Probe  
  71  8:12  Probe x2  
  74  8:19  Gateway, Probe  
  74  8:21  Pylon  
  74  8:24  Probe x2  
  74  8:26  Assimilator  
  77  8:27  Probe  
  78  8:36  Probe  
  78  8:37  Templar Archives  
  79  8:48  Colossus, Probe x2  
  87  9:10  Gateway  
  87  9:12  Gateway, Pylon  
  87  9:13  Stalker x2  
  87  9:14  Stalker, Gateway  
  93  9:27  Protoss Ground Armor Level 2  
  93  9:38  Pylon  
  93  9:41  Pylon  
  93  9:42  Pylon  
  93  9:45  Pylon  
  93  9:58  Gateway  
  93  10:06  Zealot x4  
  101  10:11  Probe x2  
  101  10:12  Probe  
  104  10:14  Pylon  
  104  10:20  Pylon  
  104  10:22  Gateway x2  
  104  10:24  Pylon  
  104  10:27  Zealot, High Templar x2  
  110  10:28  Zealot  
  110  10:29  Zealot x3  
  114  10:38  Archon  
  114  11:02  Blink  
  114  11:15  Stalker x4  
  114  11:16  Stalker x3  
  128  11:20  Colossus  
  128  11:28  Forge  
  134  11:40  Psionic Storm, Pylon  
  134  11:42  Protoss Ground Weapons Level 2  
  134  11:43  Pylon  
  134  12:01  Gateway  
  134  12:03  Nexus  
  134  12:04  Gateway, Pylon  
  134  12:08  Pylon  
  134  12:12  Assimilator  
  134  12:13  Pylon  
  134  12:18  Photon Cannon  
  134  12:19  Pylon  
  134  12:23  Stalker x6  
  134  12:24  Sentry x3  
  146  12:46  High Templar  
  146  12:47  High Templar x4  
  146  12:48  Zealot  
  146  12:49  Zealot  
  142  13:09  Stalker x4  
  129  13:32  Stalker, Zealot  
  129  13:33  Zealot x4  
  129  13:34  Zealot  
  135  14:02  Colossus  
  141  14:11  Robotics Facility  
  141  14:12  Archon  
  141  14:13  Archon, Robotics Facility  
  120  15:05  Colossus  
  120  15:06  Assimilator  
  116  15:11  Colossus x2  
  126  15:48  Colossus  
  126  15:50  Zealot  
  126  15:51  Zealot x4  
  126  15:52  Zealot x4  
  126  15:53  Zealot x2  
  126  15:56  Colossus x2  
  166  16:21  High Templar x7  
  166  16:22  High Templar  
  190  17:31  Nexus  
  190  17:34  Pylon  
  162  17:37  Archon, Pylon  
Show
View Real Time Build Order
Export as new Build Order

bozo Zerg - Winner!

Build Orders: Pool First 

Get SALT Encoding   

  12  0:01  Drone  
  13  0:13  Overlord  
  13  0:19  Drone  
  14  0:32  Drone x2  
  16  0:37  Drone  
  17  0:48  Drone  
  18  0:52  Extractor  
  17  0:59  Spawning Pool, Drone  
  17  1:09  Drone  
  18  1:29  Overlord  
  18  1:38  Drone  
  19  1:47  Zergling x2  
  19  1:49  Queen  
  19  1:53  Metabolic Boost  
  22  2:01  Zergling x2  
  23  2:05  Drone  
  24  2:13  Overlord  
  24  2:23  Roach Warren  
  24  2:27  Drone  
  24  2:35  Drone  
  24  2:51  Drone  
  25  3:22  Hatchery, Roach x2  
  25  3:23  Roach  
  30  3:28  Overlord  
  30  3:39  Overlord x2  
  30  3:49  Drone x3  
  30  3:53  Lair  
  30  3:54  Extractor  
  32  4:08  Roach  
  34  4:14  Roach  
  34  4:15  Roach x2  
  40  4:27  Drone  
  41  4:34  Queen  
  41  4:37  Drone x2  
  45  4:41  Overlord  
  45  4:49  Evolution Chamber  
  44  4:53  Drone x2  
  44  4:57  Drone  
  47  5:07  Drone x4  
  51  5:16  Zerg Missile Weapons Level 1  
  51  5:18  Glial Reconstitution  
  51  5:27  Roach x3  
  57  5:35  Overlord x2  
  57  5:36  Hydralisk Den  
  57  5:38  Drone x3  
  57  5:42  Extractor  
  58  5:43  Extractor  
  57  5:58  Overlord x3  
  57  6:12  Hydralisk x2  
  57  6:13  Hydralisk x3  
  67  6:20  Overlord  
  67  6:28  Grooved Spines  
  67  6:54  Overlord x2  
  67  6:56  Drone x3  
  70  7:02  Hydralisk x2  
  74  7:10  Zerg Ground Armor Level 1  
  74  7:14  Evolution Chamber  
  74  7:15  Overlord  
  73  7:16  Tunneling Claws  
  72  7:32  Baneling Nest  
  72  7:35  Drone x2  
  72  7:36  Drone x3  
  76  7:44  Zerg Melee Weapons Level 1  
  76  7:56  Zergling x6  
  76  7:57  Zergling x10  
  83  8:05  Zergling x2  
  84  8:16  Centrifical Hooks  
  84  8:19  Baneling x6  
  84  8:20  Baneling x6  
  84  8:58  Zergling x2  
  84  8:59  Zergling x6  
  84  9:01  Hydralisk x3  
  96  9:03  Roach x4  
  92  9:24  Hydralisk x3  
  92  9:25  Hydralisk  
  92  9:29  Zerg Missile Weapons Level 2  
  100  9:42  Hatchery  
  88  9:54  Roach x2  
  88  9:55  Roach x3  
  96  10:03  Zergling x2  
  97  10:13  Zerg Melee Weapons Level 2  
  97  10:19  Zergling x8  
  82  11:06  Drone x5  
  82  11:07  Drone x6  
  82  11:08  Queen  
  95  11:15  Hydralisk x2  
  99  11:24  Burrow  
  99  11:27  Infestation Pit  
  98  11:38  Drone x2  
  98  11:39  Drone x3  
  103  11:40  Overlord x2  
  103  11:50  Hydralisk x3  
  109  11:54  Hatchery  
  109  11:58  Extractor  
  107  12:01  Extractor  
  107  12:05  Pathogen Glands  
  106  12:09  Zerg Ground Armor Level 2  
  106  12:10  Hydralisk  
  106  12:11  Hydralisk x5  
  118  12:17  Overlord x2  
  118  12:19  Drone  
  119  12:24  Muscular Augments  
  119  12:28  Drone x2  
  119  12:29  Drone x3  
  124  12:35  Drone x4  
  128  12:42  Roach x9  
  89  13:20  Roach x4  
  89  13:21  Roach x5  
  56  14:12  Roach  
  56  14:13  Roach x5  
  68  14:35  Hydralisk x2  
  68  14:36  Spawning Pool, Hydralisk x2  
  59  14:57  Drone x4  
  63  15:19  Roach x3  
  63  15:20  Roach x2  
  73  15:28  Hatchery  
  72  15:43  Hydralisk x4  
  80  15:52  Roach x13  
  76  16:15  Drone x2  
  76  16:16  Drone x4  
  81  16:21  Hydralisk x3  
  81  16:23  Roach x13  
  83  16:53  Queen  
  85  16:55  Drone x4  
  85  16:57  Drone  
  86  17:16  Roach x11  
Tags
 
Add a new tag
Caveats
  • Supply blocks, unpowered buildings, or Contaminate may cause inaccurate times.
  • Supply counts are checked every 10 seconds.